 Dungeon Crawl Stone Soup version 0.31-a0-188-g5e087ee2ca (webtiles) character file.

Game seed: 15097813111684221892

379 qw the Skirmisher (level 6, -1/23 (35) HPs)
             Began as a Deep Elf Hunter on June 23, 2023.
             Killed from afar by an orc wizard (3 damage)
             ... with a puff of flame
             ... on level 3 of the Dungeon.
             The game lasted 00:01:00 (2367 turns).

qw the Skirmisher (Deep Elf Hunter)                 Turns: 2367, Time: 00:01:00

HP:   -1/23 (35)    AC:  8    Str: 10    XL:     6   Next: 45%
MP:   8/8           EV: 11    Int: 14    God:
Gold: 180           SH:  0    Dex: 18    Spells: 5/5 levels left

rFire   . . .        Y - +1 shortbow
rCold   . . .        (shield currently unavailable)
rNeg    . . .        e - +0 ring mail
rPois   .            b - +0 helmet
rElec   .            (no cloak)
rCorr   .            h - +1 pair of gloves
SInv    .            (no boots)
Will    .....        (no amulet)
Stlth   +            (no ring)
HPRegen 0.23/turn    (no ring)
MPRegen 0.11/turn

%: no passive effects
@: very heavily drained
A: no striking features
a: no special abilities


You were on level 3 of the Dungeon.
You visited 1 branch of the dungeon, and saw 4 of its levels.

You collected 180 gold pieces.


   Skills:
 - Level 2.0 Fighting
 - Level 10.0 Ranged Weapons
 + Level 0.0 Armour
 - Level 2.4 Dodging
 - Level 1.2 Stealth


You had 5 spell levels left.
You didn't know any spells.
Your spell library was empty.

Inventory:

Hand Weapons
 Y - a +1 shortbow (weapon)
Armour
 b - a +0 helmet (worn)
 e - a +0 ring mail (worn)
 h - a +1 pair of gloves (worn)
Potions
 a - a potion of enlightenment {unknown}
 c - a potion of attraction {unknown}
 f - a potion of haste {unknown}
 g - a potion of magic {unknown}

Dungeon Overview and Level Annotations

Branches:
Dungeon (4/15)
 Temple: D:4-7

Altars:
Makhleb


Message History

The orc wizard hits you with a +2 dagger of draining.
You feel drained.
You shoot an arrow.
The arrow closely misses the orc wizard.
You hear some strange, mumbled words.
Something tries to affect you, but you resist.
The orc wizard hits you with a +2 dagger of draining.
You feel drained.
You shoot an arrow.
The arrow hits the orc wizard but does no damage.
The orc wizard is heavily wounded.
The orc wizard casts a spell.
The orc wizard flickers and vanishes!
You hear some strange, mumbled words.
A puff of flame appears from out of thin air!
The puff of flame hits you!
You shoot an arrow. Something hits you but does no damage.
You hear some strange, mumbled words.
You are confused.
Something hits you but does no damage. Something hits you.
You feel drained.
Something hits you but does no damage. x2; You feel drained.
Something hits you but does no damage.
You feel drained. Something hits you but does no damage.
Something hits you but does no damage. Something hits you.
You feel drained.
Something hits you but does no damage. x2; You feel drained.
Something hits you but does no damage. x2; You feel drained.
You feel less confused. Something barely misses you.
Something hits you but does no damage.
You shoot an arrow. Something hits you.
The orc wizard points at you and mumbles some strange words.
Something hits you.
You feel drained.
You shoot an arrow. The arrow hits the orc wizard!
You kill the orc wizard!
Something hits you but does no damage.
You hear some strange, mumbled words.
A puff of flame appears from out of thin air!
The puff of flame hits you.
You die...

##..# ##.......
##...####........
#.......'........
###.S...##........
#.......###.......
#.#.....# ##.....#
#<#.....# ##...##
#{####### ##'##
#@# #######.## #{#
#........# #)#
#.#####..#
#.######.####...##
#.<..............#
########.##.#...##
#.##.##..##
#.##.......
#........##


There were no monsters in sight!

Vanquished Creatures
  Sigmund (D:2)
  Jessica (D:2)
  An iguana (D:2)
  Natasha (D:3)
  An orc wizard (D:3)
  Robin (D:3)
  5 adders (D:2)
  A worm (D:2)
  4 dart slugs
  An orc (D:3)
  3 endoplasms
  4 giant cockroaches
  13 goblins
  8 hobgoblins
  5 jackals
  2 quokkas (D:2)
  3 ball pythons
  6 bats
  5 frilled lizards (D:1)
  8 kobolds
  2 rats (D:2)
76 creatures vanquished.

Notes
Turn   | Place    | Note
-------+----------+-------------------------------------------
     0 | D:1      | qw the Deep Elf Hunter began the quest for the Orb.
     0 | D:1      | Reached XP level 1. HP: 12/12 MP: 3/3
     0 | D:1      | 0 ||| qw: Version: 0.3-a-9-g12657ce
     0 | D:1      | 0 ||| qw: Game counter: 3792
     0 | D:1      | 0 ||| qw: Always use a shield: true
     0 | D:1      | 0 ||| qw: God list: Okawaru
     0 | D:1      | 0 ||| qw: Allow faded altars: false
     0 | D:1      | 0 ||| qw: Do Orc after D:15 true
     0 | D:1      | 0 ||| qw: Do second Lair branch before Depths: true
     0 | D:1      | 0 ||| qw: Lair rune preference: random
     0 | D:1      | 0 ||| qw: Plans: Normal
     0 | D:1      | 0 ||| PLANNING D:1-11
    38 | D:1      | 38 ||| FLEEEEING.
    39 | D:1      | 39 ||| FLEEEEING.
   139 | D:1      | Reached skill level 6 in Ranged Weapons
   139 | D:1      | Reached XP level 2. HP: 16/16 MP: 4/4
   641 | D:1      | Reached XP level 3. HP: 18/20 MP: 5/5
   836 | D:1      | 836 ||| UPGRADING to +0 ring mail.
   846 | D:1      | 846 ||| DROPPING +0 leather armour.
   847 | D:1      | 847 ||| READING scroll labelled LARYSTI UCUEROCLOCW.
   848 | D:1      | 848 ||| DROPPING scroll of butterflies.
  1013 | D:2      | Reached skill level 7 in Ranged Weapons
  1068 | D:2      | HP: 5/20 [iguana (6)]
  1071 | D:2      | Reached XP level 4. HP: 8/25 MP: 6/6
  1151 | D:2      | Noticed Jessica
  1160 | D:2      | Killed Jessica
  1161 | D:2      | Reached skill level 8 in Ranged Weapons
  1189 | D:2      | Reached XP level 5. HP: 29/29 MP: 7/7
  1227 | D:2      | Found a burning altar of Makhleb.
  1334 | D:2      | Noticed Sigmund
  1335 | D:2      | 1335 ||| FLEEEEING.
  1352 | D:2      | Killed Sigmund
  1353 | D:2      | Reached skill level 9 in Ranged Weapons
  1353 | D:2      | Reached XP level 6. HP: 27/34 MP: 8/8
  1500 | D:2      | 1500 ||| UPGRADING to +1 pair of gloves.
  1505 | D:2      | 1505 ||| READING scroll labelled FYFO YJECUT.
  1506 | D:2      | 1506 ||| READING scroll labelled BUES BAPYHAFA.
  1507 | D:2      | 1507 ||| READING scroll labelled LETHIXT KUGUTA.
  1620 | D:3      | Noticed Robin
  1636 | D:3      | Killed Robin
  2111 | D:3      | Noticed Natasha
  2120 | D:3      | Killed Natasha
  2121 | D:3      | Reached skill level 10 in Ranged Weapons
  2314 | D:3      | 2314 ||| UPGRADING to +0 helmet.
  2319 | D:3      | 2319 ||| READING scroll labelled QOFOLI MIRYROF.
  2320 | D:3      | 2320 ||| READING scroll labelled GEATZUNLAO.
  2321 | D:3      | 2321 ||| DRINKING 2 dark potions.
  2349 | D:4      | 2349 ||| STAIRDANCE
  2351 | D:3      | 2351 ||| DRINKING potion of curing.
  2351 | D:3      | 2351 ||| (to cure confusion)
  2359 | D:3      | HP: 8/32 [something (2)]
  2366 | D:3      | HP: 5/24 [something (3)]
  2366 | D:3      | HP: 2/23 [something (1)]
  2367 | D:3      | Killed from afar by an orc wizard

Levels and vault maps discovered:
D:1:      dpeg_arrival_shelter, layout_loops_corners, serial_bayou_pond_a
D:2:      layout_rooms, basic_altar, uniq_jessica, uniq_sigmund
D:3:      layout_loops_corners, uniq_natasha, uniq_robin
D:4:      nicolae_BIG_FREAKIN_CUBE, layout_loops_corners, uniq_ijyb

Skill      XL: |  1  2  3  4  5  6 |
---------------+-------------------+-----
Ranged Weapons | 6 7 8 9 10 | 10.0
Fighting       | 2 |  2.0
Dodging        | |  2.4
Stealth        | |  1.2

Action                     |  1- 3 |  4- 6 || total
---------------------------+-------+-------++-------
  Melee: Unarmed           |       |    11 ||    11
   Fire: Shortbow          |   113 |   116 ||   229
    Use: Scroll            |     1 |     5 ||     6
         Potion            |       |     2 ||     2
 Armour: Leather armour    |     5 |       ||     5
         Ring mail         |     6 |    36 ||    42
         Skin              |       |     1 ||     1
  Dodge: Dodged            |    37 |    30 ||    67

Table legend:
 A = Non-vault XP
 B = Vault XP
 C = Vault XP percentage of total XP
 D = Non-vault monster count
 E = Vault monster count
 F = Vault count percentage of total count
                 A         B        C        D         E       F
            +---------+---------+-------+---------+---------+-------
      Total |     243 |     332 |  57.7 |      62 |      14 |  18.4
            +---------+---------+-------+---------+---------+-------
        D:1 |      46 |       0 |   0.0 |      24 |       0 |   0.0
        D:2 |     137 |     263 |  65.8 |      24 |       2 |   7.7
        D:3 |      60 |      69 |  53.5 |      14 |      12 |  46.2
            +---------+---------+-------+---------+---------+-------
